 Dungeon Crawl Stone Soup version 0.26-a0-1132-ge9770dfcb6 (webtiles) character file.

Game seed: 12703412154435822968

120 Froggeryz the Cutter (level 5, -3/35 HPs)
             Began as a Halfling Fighter on Dec 20, 2020.
             Killed by divine providence
             ... invoked by an orc priest
              (14 damage)
             ... on level 3 of the Dungeon.
             The game lasted 00:01:16 (1748 turns).

Froggeryz the Cutter (Halfling Fighter)             Turns: 1748, Time: 00:01:16

Health: -3/35      AC:  8    Str: 18    XL:     5   Next: 25%
Magic:  5/5        EV:  9    Int:  6    God:
Gold:   120        SH:  9    Dex: 14    Spells: 4/4 levels left

rFire    . . .     SeeInvis .   a - +0 rapier
rCold    . . .     Faith    .   c - +0 kite shield
rNeg     . . .     Spirit   .   b - +0 scale mail
rPois    .         Reflect  .   g - +0 helmet
rElec    .         Harm     .   (no cloak)
rCorr    .         Rampage  .   (no gloves)
Will     .....                  (no boots)
Stlth    ..........             (no amulet)
HPRegen  0.11/turn              (no ring)
MPRegen  0.09/turn              (no ring)

@: mighty
A: small, mutation resistance 1
a: no special abilities


You were on level 3 of the Dungeon.
You visited 1 branch of the dungeon, and saw 3 of its levels.

You collected 120 gold pieces.

Inventory:

Hand Weapons
 a - a +0 rapier (weapon)
Armour
 b - a +0 scale mail (worn)
 c - a +0 kite shield (worn)
 g - a +0 helmet (worn)
Scrolls
 e - a scroll of noise {unknown}
 f - 3 scrolls of remove curse {unknown}
 h - 4 scrolls of identify {unknown}
 l - a scroll of fear {unknown}
Potions
 i - a potion of brilliance {unknown}
 j - a potion of heal wounds {unknown}
 k - a potion of resistance {unknown}
 m - a potion of degeneration {unknown}


   Skills:
 - Level 2.6 Fighting
 * Level 6.1 Short Blades
 - Level 3.2 Armour
 - Level 3.2 Shields


You had 4 spell levels left.
You didn't know any spells.
Your spell library was empty.

Dungeon Overview and Level Annotations

Branches:
Dungeon (3/15)

Altars:


Innate Abilities, Weirdness & Mutations

You are small and have problems with some larger weapons.
You are somewhat resistant to further mutation.


Message History

You block the orc priest's attack. The orc misses you.
The orc priest mumbles some strange prayers to Beogh against you.
Beogh smites you!
You puncture the orc priest!
You kill the orc priest!
The orc hits you.
* * * LOW HITPOINT WARNING * * *
The orc priest invokes the aid of Beogh against you.
You barely resist.
Your Short Blades skill increases to level 6!
You have reached level 5!
You feel agile.
Okay, then.
You barely miss the orc priest. The orc hits you but does no damage.
You block the orc priest's attack. The kobold hits you but does no damage.
You feel very mighty all of a sudden. The orc closely misses you.
The orc priest invokes the aid of Beogh against you.
Beogh smites you!
You die...

#.######)# #.# #.
##.###.# #.
#..<...## #.
#.......# #.
#.####..# #. #.#
#..# #. #.# #..#####
#.#####.####.......
#K@...........#####
#.##..oo.....####..#
###(..#######......#
.....########.###.##
..................#
..#. ########.#####
. . #.# ## #<# #.#


You could see an orc priest, an orc and a kobold.

Vanquished Creatures
  An orc priest (D:3)
  4 gnolls
  3 worms (D:2)
  2 dart slugs (D:1)
  2 leopard geckos (D:1)
  3 ball pythons
  A giant cockroach (D:1)
  3 goblins (D:1)
  7 hobgoblins
  3 kobolds
  2 quokkas (D:2)
  4 bats
  A frilled lizard (D:2)
  A rat (D:2)
37 creatures vanquished.

Notes
Turn   | Place    | Note
-------+----------+-------------------------------------------
     0 | D:1      | Froggeryz the Halfling Fighter began the quest for the Orb.
     0 | D:1      | Reached XP level 1. HP: 15/15 MP: 1/1
   111 | D:1      | Reached skill level 3 in Short Blades
   111 | D:1      | Reached XP level 2. HP: 8/20 MP: 2/2
   483 | D:1      | Reached skill level 4 in Short Blades
   483 | D:1      | Reached XP level 3. HP: 24/25 MP: 3/3
  1176 | D:2      | Reached XP level 4. HP: 24/30 MP: 4/4
  1433 | D:3      | Reached skill level 5 in Short Blades
  1747 | D:3      | Reached skill level 6 in Short Blades
  1747 | D:3      | Reached XP level 5. HP: 11/35 MP: 5/5
  1748 | D:3      | Killed from afar by an orc priest

Illustrated notes

Levels and vault maps discovered:
D:1:      dpeg_arrival_boxorama, layout_basic, due_unseen_surprise
D:2:      layout_rooms
D:3:      layout_loops_ring, overflow_temple_1_default,
          nicolae_dithmenos_through_a_glass_darkly

Skill      XL: |  1  2  3  4 |
---------------+-------------+-----
Short Blades   | 3 4 6 |  6.1
Fighting       | |  2.6
Armour         | |  3.2
Shields        | |  3.2

Action                   |  1- 3 |  4- 6 || total
-------------------------+-------+-------++-------
Melee: Rapier            |   128 |    41 ||   169
  Use: Potion            |       |     1 ||     1
Armor: Scale mail        |    40 |    21 ||    61
Dodge: Dodged            |    45 |    11 ||    56
Block: Kite shield       |    51 |    23 ||    74

Table legend: (Time is in decaauts)
 A = Elapsed time spent in this place.
 B = Non-inter-level travel time spent in this place.
 C = Inter-level travel time spent in this place.
 D = Time resting spent in this place.
 E = Time spent auto-exploring this place.
 F = Levels seen in this place.
 G = Mean time per level.
                   A        B        C        D        E       F      G
               +--------+--------+--------+--------+--------+-----+--------+
         Total |   1762 |   1741 |     21 |    394 |   1066 |   3 |  587.3 |
       Dungeon |   1762 |   1741 |     21 |    394 |   1066 |   3 |  587.3 |
               +--------+--------+--------+--------+--------+-----+--------+

Top non-repeatable levels by time:
     D:2: 914 daAuts
     D:1: 771 daAuts
     D:3: 76 daAuts
